 Dungeon Crawl Stone Soup version 0.30-a0-879-ga8ba668 (webtiles) character file.

Game seed: 15950059856351187794

50620 Think the Nimble (level 14, -8/99 HPs)
             Began as an Octopode Fighter on Mar 13, 2023.
             Was a Priest of Jiyva.
             Mangled by Rupert
             ... wielding a +2 triple sword of protection
              (43 damage)
             ... on level 4 of the Lair of Beasts.
             The game lasted 01:12:51 (17907 turns).

Think the Nimble (Octopode Fighter)                Turns: 17907, Time: 01:12:51

Health: -8/99      AC:  5    Str: 15    XL:     14   Next: 56%
Magic:  14/14      EV: 32    Int: 11    God:    Jiyva [***...]
Gold:   1032       SH: 14    Dex: 27    Spells: 10/13 levels left

rFire   + . .      SeeInvis .    L - +2 scimitar
rCold   + . .      Faith    .    l - +0 kite shield
rNeg    . . .      Spirit   .    (helmet restricted)
rPois   .          Reflect  .    E - amulet of regeneration
rElec   .          Rampage  .    d - ring of willpower
rCorr   +                        m - +5 ring of evasion
Will    ++++.                    u - ring of protection from cold
Stlth   ++++                     w - ring of willpower
HPRegen 2.28/turn                g - +6 ring of dexterity
MPRegen 0.49/turn                G - ring of Licitad {rF+ Will+ Dex+5 Stlth+}
                                 t - +4 ring of protection
                                 (no ring)

@: invisible
A: almost no armour, amphibious, 8 rings, camouflage 1, gelatinous body 1,
(nimble swimmer 1), tentacles
a: Renounce Religion, Oozemancy


You were on level 4 of the Lair of Beasts.
You worshipped Jiyva.
Jiyva was most pleased with you.
You visited 4 branches of the dungeon, and saw 19 of its levels.

You collected 2575 gold pieces.
You spent 1543 gold pieces at shops.

Inventory:

Hand Weapons
 a - a +0 long sword
 L - a +2 scimitar (weapon)
 M - a +4 short sword
Missiles
 H - 3 throwing nets (quivered)
Armour
 b - a +0 buckler
 l - a +0 kite shield (worn)
 z - an orb of mayhem
Jewellery
 d - a ring of willpower (left tentacle)
 g - a +6 ring of dexterity (on tentacle)
 m - a +5 ring of evasion (right tentacle)
 t - a +4 ring of protection (on tentacle)
 u - a ring of protection from cold (on tentacle)
 w - a ring of willpower (on tentacle)
 E - an amulet of regeneration (around mantle)
 G - the ring of Licitad (on tentacle) {rF+ Will+ Dex+5 Stlth+}
   (You bought it in a shop on level 2 of the Orcish Mines)

   [ring of willpower]

   Dex:       It affects your dexterity (+5).
   rF:        It protects you from fire.
   Will:      It increases your willpower.
   Stlth:     It makes you more stealthy.
 J - a ring of fire
Wands
 h - a wand of mindburst (15)
 r - a wand of flame (17)
 x - a wand of digging (3)
 I - a wand of paralysis (24)
 O - a wand of roots (4)
 P - a wand of acid (4)
Scrolls
 c - 3 scrolls of immolation
 k - 3 scrolls of fog
 q - a scroll of enchant armour
 s - 4 scrolls of teleportation
 y - 2 scrolls of enchant weapon
 A - a scroll of amnesia
 C - 2 scrolls of magic mapping
 D - a scroll of silence
 K - 2 scrolls of vulnerability
Potions
 e - 4 potions of flight
 i - 2 potions of attraction
 j - 2 potions of magic
 n - 3 potions of lignification
 o - a potion of cancellation
 p - a potion of haste
 v - a potion of degeneration
 B - 2 potions of mutation
 F - 3 potions of brilliance
 Q - a potion of might


   Skills:
 + Level 10.3 Fighting
 - Level 14.0 Long Blades
 - Level 1.0 Throwing
 + Level 14.9 Dodging
 + Level 10.3 Shields
 + Level 7.1 Ice Magic
 - Level 1.0 Evocations


You had 10 spell levels left.
You knew the following spells:

 Your Spells              Type           Power      Damage    Failure   Level
a - Ozocubu's Armour      Ice            15%        N/A       12%         3

Your spell library contained the following spells:

 Spells                   Type           Power      Damage    Failure   Level
 Apportation              Tloc           0%         N/A       61%         1
 Magic Dart               Conj           0%         1d3       61%         1
 Lesser Beckoning         Tloc           0%         N/A       75%         2
 Searing Ray              Conj           0%         2d4       75%         2
 Static Discharge         Conj/Air       0%         2-2/arc   75%         2
 Confusing Touch          Hex            0%         N/A       93%         3
 Dazzling Flash           Conj/Hex       0%         N/A       93%         3
 Gell's Gravitas          Tloc           0%         N/A       93%         3
 Teleport Other           Tloc           0%         N/A       93%         3
 Vhi's Electric Charge    Tloc/Air       0%         N/A       93%         3
 Airstrike                Air            0%         2d(0-16)  100%        4
 Fulminant Prism          Conj/Hex       0%         3d5       100%        4
 Leda's Liquefaction      Hex/Erth       0%         N/A       100%        4
 Summon Lightning Spire   Summ/Air       0%         N/A       100%        4
 Agony                    Necr           0%         N/A       100%        5
 Alistair's Intoxication  Tmut/Pois      0%         N/A       100%        5
 Arcjolt                  Conj/Air       0%         1d10      100%        5
 Lightning Bolt           Conj/Air       0%         1d11      100%        5
 Silence                  Hex/Air        0%         N/A       100%        5
 Ozocubu's Refrigeration  Ice            7%         4d9       100%        7


Dungeon Overview and Level Annotations

Branches:
Dungeon (12/15)            Temple (1/1) D:5            Lair (4/5) D:10
 Shoals (0/4) Lair:2       Spider (0/4) Lair:3        Slime (0/5) Lair:4
    Orc (2/2) D:11            Elf (0/3) Orc:2

Altars:
Ashenzari
Cheibriados
Dithmenos
Elyvilon
Fedhas
Gozag
Hepliaklqana
Kikubaaqudgha
Makhleb
Nemelex Xobeh
Okawaru
Qazlal
Ru
Sif Muna
Trog
Uskayaw
Vehumet
Wu Jian
Xom
Yredelemnul
Zin
The Shining One
Jiyva

Shops:
D:4 *   D:5 *   D:8 !   Orc:2 =*[(

Annotations:
D:9 1 runed translucent door, Caterwaul's ghost, novice HuMo
Lair:4 Rupert


Innate Abilities, Weirdness & Mutations

You cannot wear most types of armour.
You are amphibious.
You can wear up to eight rings at the same time.
Your skin changes colour to match your surroundings (Stealth+).
Your rubbery body absorbs attacks. (AC +1, EV +1)
((You are camouflaged when in or above water. (Stealth+)))
You have tentacles for arms and can constrict up to eight enemies at once.


Message History

The floor.
Press: ? - help, v - describe, . - travel The floor.
Okay, then.
Rupert shouts!
Rupert shouts, "I'm a great and powerful hero!"
Rupert roars madly and goes into a rage!
Rupert goes berserk!
You hear a distant slurping noise.
You slice Rupert!! Your grab misses Rupert.
Rupert is lightly wounded.
Rupert hits you with a +2 triple sword of protection!!
You slash Rupert! You grab Rupert. You squeeze Rupert, but do no damage.
Rupert is lightly wounded.
You constrict Rupert, but do no damage. Rupert misses you.
Rupert closely misses you.
You slash Rupert! You squeeze Rupert.
Rupert is moderately wounded.
You constrict Rupert. Rupert completely misses you.
You hit Rupert but do no damage. You squeeze Rupert!
Rupert is moderately wounded.
You constrict Rupert. You block Rupert's attack.
You hit Rupert but do no damage.
Rupert is moderately wounded.
You constrict Rupert. Rupert misses you. You block Rupert's attack.
You slice Rupert!!
Rupert is moderately wounded.
You constrict Rupert.
Rupert hits you with a +2 triple sword of protection!!
You slash Rupert!
Rupert is heavily wounded.
You constrict Rupert.
Rupert hits you with a +2 triple sword of protection!!
You fade into invisibility!
You constrict Rupert, but do no damage. Rupert completely misses you.
You hit Rupert. You squeeze Rupert, but do no damage.
Rupert is heavily wounded.
You constrict Rupert.
Rupert hits you with a +2 triple sword of protection!!!
You die...

............##..###.......##..#P.
.............................P###
..................#.#.#.#.#..####
..................#..........###.
.........#..P...#.........#.....#
.........#......#...>..#.##......
.........#.##...#.#....#.⌠.##....
.........#..#P....#...#.....###.#
...............@@......⌠.>.⌠# ###
............##.##.#...#.....#
...........### ##......#....#
.........#..####.#..#...#+.######
............##.......##.....#.#..
.............#..#..#.#.#...#.#.#.
.....................}.#.....##..
.............#...⌠...+.#.⌠.......
......P..#.#.+.......#.#.....#...


You could see Rupert (berserk, unable to see you).

Vanquished Creatures
  Kirke (Lair:4)
  An ettin (Orc:2)
  Josephine (D:11)
  A hydra (Lair:4)
  A catoblepas (Lair:2)
  Erica (Lair:2)
  A centaur warrior (D:11)
  A boulder beetle (Lair:3)
  A two-headed ogre (D:11)
  4 orc high priests
  Urug (D:11)
  Sonja (Orc:1)
  A pharaoh ant (Lair:3)
  3 orc knights (Orc:2)
  A deep elf pyromancer (D:11)
  A cyclops (D:11)
  2 orc sorcerers (Orc:2)
  2 ugly things (D:12)
  A manticore (D:11)
  6 elephants
  A merfolk siren (Lair:2)
  5 black mambas
  10 cane toads
  2 gargoyles
  Psyche (D:11)
  An unseen horror (D:11)
  6 rime drakes
  6 komodo dragons
  2 trolls
  A tarantella (Lair:3)
  A polar bear (Lair:3)
  A hornet (D:7)
  9 blink frogs
  46 yaks
  7 wraiths
  A vampire (D:10)
  6 hogs (Lair:4)
  6 wyverns
  A vampire mosquito (D:12)
  A steam dragon (Lair:4)
  3 basilisks
  2 redbacks (Lair:3)
  A warg (Orc:1)
  2 acid dragons
  11 water moccasins
  3 black bears
  2 ice beasts
  21 orc warriors
  3 sky beasts
  6 ogres
  9 wolves
  5 centaurs
  Blork the orc (D:5)
  2 kobold brigands (D:8)
  2 gnoll sergeants (D:9)
  14 bullfrogs
  2 scorpions
  10 wights
  7 killer bees
  3 electric eels (Lair:3)
  A howler monkey (D:10)
  7 hounds
  4 jellies
  18 orc priests
  3 gnoll boudas
  3 sleepcaps (D:7)
  4 iguanas
  30 orc wizards
  17 gnolls
  19 adders
  A shadow imp (D:6)
  2 white imps (D:7)
  An ufetubus (D:6)
  3 worms
  2 dart slugs
  66 orcs
  4 endoplasms
  A giant cockroach (D:4)
  4 goblins
  6 hobgoblins
  2 quokkas
  16 ball pythons
  5 bats
  5 frilled lizards
  15 kobolds
  7 rats
501 creatures vanquished.

Vanquished Creatures (others)
  An efreet (D:12)
  A tengu conjurer (D:12)
  4 slime creatures (D:12)
  An orc warrior (Orc:2)
  23 jellies
  An orc priest (Orc:2)
  A gnoll (D:9)
  4 orcs (Orc:2)
  4 bushes
  42 fungi
  48 plants
130 creatures vanquished.

Grand Total: 631 creatures vanquished

Notes
Turn   | Place    | Note
-------+----------+-------------------------------------------
     0 | D:1      | Think the Octopode Fighter began the quest for the Orb.
     0 | D:1      | Reached XP level 1. HP: 16/16 MP: 1/1
    86 | D:1      | Found a faded altar of an unknown god.
   266 | D:1      | Reached XP level 2. HP: 17/21 MP: 2/2
   763 | D:2      | Reached XP level 3. HP: 21/26 MP: 3/3
  1015 | D:2      | Reached XP level 4. HP: 31/31 MP: 4/4
  1065 | D:2      | Reached skill level 5 in Dodging
  1441 | D:3      | Reached XP level 5. HP: 27/36 MP: 5/5
  1909 | D:4      | Noticed an orc warrior
  1919 | D:4      | Killed an orc warrior
  1920 | D:4      | Reached XP level 6. HP: 19/42 MP: 6/6
  2328 | D:4      | Reached XP level 7. HP: 46/46 MP: 7/7
  2375 | D:4      | Found Ragon's General Store.
  2872 | D:5      | Entered Level 5 of the Dungeon
  3171 | D:5      | Noticed Blork the orc
  3177 | D:5      | Killed Blork the orc
  3293 | D:5      | Found Basinouc's Bounteous Boutique.
  3313 | D:5      | Reached XP level 8. HP: 48/52 MP: 8/8
  3370 | D:5      | Found a staircase to the Ecumenical Temple.
  3491 | Temple   | Entered the Ecumenical Temple
  4056 | Temple   | Became a worshipper of Elyvilon the Healer
  4462 | D:6      | Reached * piety under Elyvilon
  4509 | D:6      | Reached skill level 5 in Long Blades
  5537 | D:7      | Reached XP level 9. HP: 39/56 MP: 9/9
  5647 | D:7      | Identified the +9 hand axe of Usas {vamp, rN+ Int+3}
  5651 | D:7      | Reached ** piety under Elyvilon
  5699 | D:7      | Noticed a hornet
  5713 | D:7      | Killed a hornet
  6004 | D:7      | Reached XP level 10. HP: 63/63 MP: 10/10
  6693 | D:8      | Reached XP level 11. HP: 58/67 MP: 11/11
  7085 | D:8      | Reached *** piety under Elyvilon
  7093 | D:8      | Found Eleskue's Distillery.
  7762 | D:9      | Found a runed translucent door.
  7762 | D:9      | Noticed Caterwaul's ghost (novice HuMo)
  7994 | D:9      | Learned a level 3 spell: Ozocubu's Armour
  8286 | D:10     | Entered Level 10 of the Dungeon
  8567 | D:10     | Reached skill level 1 in Ice Magic
  8950 | D:10     | Found a staircase to the Lair.
  8983 | D:10     | HP: 2/69 [elephant (13)]
  9073 | D:10     | Found a broken altar of Ashenzari.
  9708 | D:11     | Noticed Psyche
  9708 | D:11     | Reached **** piety under Elyvilon
  9713 | D:11     | Killed Psyche
  9841 | Lair:1   | Entered Level 1 of the Lair of Beasts
  9919 | D:11     | Found a staircase to the Orcish Mines.
  9951 | D:11     | Noticed a deep elf pyromancer
 10053 | D:11     | Noticed a centaur warrior
 10098 | Orc:1    | Entered Level 1 of the Orcish Mines
 10195 | Orc:1    | Reached skill level 1 in Evocations
 10232 | Orc:1    | Reached skill level 1 in Throwing
 10386 | Orc:1    | Noticed Sonja
 10398 | Orc:2    | Entered Level 2 of the Orcish Mines
 10409 | Orc:2    | Noticed an ettin
 10689 | Lair:1   | Reached skill level 5 in Fighting
 10689 | Lair:1   | Reached skill level 5 in Shields
 10842 | Lair:1   | Reached XP level 12. HP: 70/77 MP: 12/12
 12333 | Lair:2   | Noticed Erica
 12357 | Lair:2   | Killed Erica
 12544 | Lair:2   | Noticed a catoblepas
 12596 | Lair:3   | Reached XP level 13. HP: 50/88 MP: 13/13
 12821 | Lair:3   | Reached ***** piety under Elyvilon
 13770 | Lair:3   | Reached skill level 5 in Ice Magic
 13856 | Lair:3   | Found a hole to the Spider Nest.
 14139 | Lair:4   | Found a viscous altar of Jiyva.
 14156 | Lair:4   | Found a staircase to the Slime Pits.
 14157 | Lair:4   | Fell from the grace of Elyvilon
 14157 | Lair:4   | Became a worshipper of Jiyva Joshrul the Shapeless
 14235 | Lair:4   | Noticed Kirke
 14457 | Orc:1    | Killed Sonja
 14803 | Orc:2    | Reached * piety under Jiyva
 14848 | Orc:2    | Killed an ettin
 14893 | Orc:2    | Noticed an orc warlord
 15503 | Orc:2    | Reached XP level 14. HP: 86/97 MP: 14/14
 15616 | Orc:2    | Found Nisomib's Antique Armour Boutique.
 15617 | Orc:2    | Found Hopt's Antique Weapon Shop.
 15619 | Orc:2    | Found Inuok's General Store.
 15619 | Orc:2    | Found Eblunoiw's Jewellery Boutique.
 15706 | Orc:2    | Bought a +4 ring of protection for 396 gold pieces
 15706 | Orc:2    | Bought the ring of Licitad {rF+ Will+ Dex+5 Stlth+} for 575
                  | gold pieces
 15784 | Orc:2    | Found a staircase to the Elven Halls.
 16246 | Orc:2    | Bought a scroll of acquirement for 572 gold pieces
 16246 | Orc:2    | Acquired 803 gold pieces
 16371 | D:11     | Noticed Josephine
 16380 | D:11     | Killed Josephine
 16514 | D:11     | Noticed Urug
 16526 | D:11     | Killed Urug
 16576 | D:11     | Reached ** piety under Jiyva
 16636 | D:11     | Reached skill level 10 in Fighting
 16636 | D:11     | Reached skill level 10 in Shields
 17149 | Lair:2   | Found a staircase to the Shoals.
 17766 | Lair:4   | Killed Kirke
 17783 | Lair:4   | Got the Almanac of the Mackerel
 17866 | Lair:4   | Reached *** piety under Jiyva
 17895 | Lair:4   | Noticed Rupert
 17907 | Lair:4   | Mangled by Rupert

Illustrated notes

Levels and vault maps discovered:
D:1:      dpeg_arrival_three_bigger_balls, layout_basic,
          hellmonk_ecumenical_altar_slurped_away, minivault_27
D:2:      layout_basic, hex_intersection, hangedman_decor_points
D:3:      kennysheep_big_flooded_room, layout_rooms, hangedman_glass_teeth,
          kennysheep_orc_chapel
D:4:      layout_loops_ring, serial_shops, nicolae_diamond_shop,
          minmay_snake_closets
D:5:      layout_rooms, minmay_temple_entry_gardened_gates,
          nicolae_alphabet_shops, uniq_blork_the_orc
D:6:      layout_basic, serial_curves, eino_curves_03, eino_curves_03,
          eino_curves_04, eino_curves_01, minmay_misc_feat_chi, corner_web_ring,
          minmay_fractal_squares_diagonal_5
D:7:      minmay_s_stair_smasher, layout_loops_ring, grunt_ministairs_1,
          mumra_transporter_accident, minmay_parallelograms
D:8:      layout_rooms, serial_shops, nicolae_shop_waterfront,
          minmay_hedge_maze, due_unseen_surprise
D:9:      layout_loops_ring, hellmonk_ghost_big_iron
D:10:     layout_basic, mainiacjoe_overflow_alcove_2, david_lair_generic
D:11:     layout_irregular_city, orc_0_dummy, uniq_josephine, uniq_urug,
          uniq_psyche
D:12:     minmay_the_grid_plus [minmay_the_grid_zigzag_pyramid,
          minmay_the_grid_empty, minmay_the_grid_garden,
          minmay_the_grid_stretched_grid, minmay_the_grid_prize_four_corners],
          layout_cave_pods, special_room [special_room_bee],
          minmay_misc_feat_roman, uniq_lodul
Temple:   mainiacjoe_temple_starburst
Lair:1:   layout_loops_ring
Lair:2:   layout_regular_city, minmay_shoals_entry_lonely_mermaid, uniq_erica
Lair:3:   layout_long_grid, nicolae_spider_entry_lesser_pyramids,
          nicolae_quartered_pool_medium, serial_bayou_ford_a
Lair:4:   layout_gridlike, nicolae_slime_entry_field_trip, st_stairs_4,
          grunt_megastairs_1, uniq_rupert, uniq_kirke
Orc:1:    layout_caves, uniq_sonja
Orc:2:    st_orc_congregation, layout_caves

Skill      XL: |  1  2  3  4  5  6  7  8  9 10 11 12 13 14 |
---------------+-------------------------------------------+-----
Dodging        | 4 5 6 7 8 9 11 13 14 | 14.9
Long Blades    | 3 7 13 14 | 14.0
Fighting       | 5 8 9 10 | 10.3
Shields        | 5 8 9 10 | 10.3
Ice Magic      | 4 6 7 |  7.1
Evocations     | 1 |  1.0
Throwing       | 1 |  1.0

Action                     |  1- 3 |  4- 6 |  7- 9 | 10-12 | 13-15 || total
---------------------------+-------+-------+-------+-------+-------++-------
  Melee: Long sword        |    41 |    99 |   188 |       |       ||   328
         Constrict         |    10 |    25 |    53 |    89 |    91 ||   268
         Tentacles         |     7 |    20 |    64 |   214 |   222 ||   527
         Punch             |     1 |     3 |     6 |    14 |    18 ||    42
         Scimitar          |       |       |    38 |   675 |   662 ||  1375
         Short sword       |       |       |       |       |     3 ||     3
 Invoke: Purification      |       |       |     1 |     8 |       ||     9
         Heal Self         |       |       |       |     2 |     7 ||     9
  Evoke: Wand              |       |       |       |    10 |    28 ||    38
    Use: Potion            |       |     4 |     7 |    13 |     8 ||    32
         Scroll            |       |       |    11 |    10 |     8 ||    29
   Stab: Sleeping          |     8 |     8 |     7 |    11 |    12 ||    46
         Distracted        |       |       |       |     2 |       ||     2
         Paralysed         |       |       |       |       |     9 ||     9
 Armour: Skin              |     1 |     3 |     6 |    12 |    13 ||    35
  Dodge: Dodged            |    15 |    89 |   194 |   495 |   409 ||  1202
  Block: Buckler           |     2 |       |       |       |       ||     2
         Kite shield       |     8 |    56 |   115 |   373 |   339 ||   891

Table legend: (Time is in decaauts)
 A = Elapsed time spent in this place.
 B = Non-inter-level travel time spent in this place.
 C = Inter-level travel time spent in this place.
 D = Time resting spent in this place.
 E = Time spent auto-exploring this place.
 F = Levels seen in this place.
 G = Mean time per level.
                   A        B        C        D        E       F      G
               +--------+--------+--------+--------+--------+-----+--------+
         Total |  17851 |  16138 |   1713 |   1575 |   9754 |  19 |  939.5 |
       Dungeon |  10850 |   9884 |    966 |    888 |   6638 |  12 |  904.2 |
        Temple |    621 |    526 |     95 |      0 |    510 |   1 |  621.0 |
          Lair |   4411 |   4138 |    273 |    455 |   2019 |   4 | 1102.8 |
  Orcish Mines |   1968 |   1590 |    378 |    232 |    587 |   2 |  984.0 |
               +--------+--------+--------+--------+--------+-----+--------+

Top non-repeatable levels by time:
    D:10: 1731 daAuts
  Lair:3: 1417 daAuts
     D:6: 1229 daAuts
  Lair:2: 1184 daAuts
     D:7: 1106 daAuts
  Lair:1: 1079 daAuts
    D:11: 1047 daAuts
   Orc:2: 1009 daAuts
     D:4: 1000 daAuts
   Orc:1: 958 daAuts
     D:8: 954 daAuts
     D:9: 878 daAuts
     D:5: 840 daAuts
  Lair:4: 730 daAuts
     D:3: 719 daAuts
